AoeStats
← Franta Kocourek

Arabia

506378952Analyzed
1v1 RM · 20d ago on Sep 13, 2026· 53m 19s· 2 players
Game mode
Random Map
Map size
Tiny (2 player)
Population
200
Speed
Normal
Resources
Standard
Victory
Conquest
Starting age
Dark Age
Ending age
Imperial Age
RankedLock teamsTeams togetherTeam positionsShared explorationLock speedFull tech treeHidden civsTurbo modeCheats
Victory
Defeat
🇳🇴 Tatars · Norway
795
+18
🇨🇿 Aztecs · Czechia
829
-18
Serge9872
11:00 Feudal Age
11:44 Double-Bit Axe
11:46 Horse Collar
12:21 Man-at-Arms
17:09 Padded Archer Armor
17:09 Fletching
17:21 Scale Mail Armor
17:33 Forging
17:42 Loom
20:40 Wheelbarrow
27:50 Castle Age
25:51 Stone Mining
26:19 Scale Barding Armor
26:46 Gold Mining
27:42 Arson
30:46 Chain Barding Armor
31:53 Hand Cart
34:41 Heavy Plow
34:54 Bow Saw
36:04 Husbandry
36:15 Bloodlines
36:44 Town Watch
37:53 Town Patrol
39:01 Gold Shaft Mining
41:08 Leather Archer Armor
41:09 Crossbowman
42:23 Bodkin Arrow
45:27 Masonry
45:12 Murder Holes
48:14 Imperial Age
49:24 Timurid Siegecraft
49:35 Conscription
50:23 Crop Rotation
51:28 Plate Barding Armor
50:51 Cavalier
53:02 Ring Archer Armor
52:33 Bracer
53:09 Heavy Cavalry Archer
Franta Kocourek
7:59 Loom
9:53 Feudal Age
12:30 Double-Bit Axe
20:11 Fletching
24:16 Castle Age
26:13 Elite Skirmisher
26:54 Squires
28:05 Eagle Warrior
28:56 Horse Collar
29:28 Bow Saw
29:56 Gold Mining
30:58 Pikeman
35:03 Scale Mail Armor
38:49 Chain Mail Armor
39:03 Arson
42:46 Forging
46:17 Imperial Age
47:39 Wheelbarrow
46:50 Town Watch
51:03 Hand Cart
Connection lost

Rejoining the realm…

Still unreachable

The connection could not be restored.

Session expired

The server has moved on; the page needs a fresh start.